Map: Zen LE

Players

llllllllllll (Trap)

  • Race: Protoss Protoss
  • League: Master
  • Spawn Location: 1:00

TSGSolar (Solar) - Winner!

  • Race: Zerg Zerg
  • League: Master
  • Spawn Location: 7:00

VOD

Have the link to the VOD?

Description

Time

  • Played on: Jan. 9, 2020, 7:52 a.m.
  • Length: 10:52
Show
View Real Time Build Order
Export as new Build Order

llllllllllll Protoss 

Build Orders: 1 Gate Expand, Zealot Archon, Archon Drop, Dark Templar Rush 

Get SALT Encoding   

  12  0:00  Probe  
  13  0:12  Probe  
  14  0:19  Pylon  
  14  0:24  Probe  
  15  0:37  Probe (Chrono Boost)  
  15  0:40  Gateway  
  16  0:46  Probe (Chrono Boost)  
  16  0:47  Assimilator  
  17  0:51  Probe (Chrono Boost)  
  18  1:03  Probe  
  19  1:15  Probe  
  20  1:27  Cybernetics Core  
  20  1:34  Nexus  
  20  1:42  Pylon  
  20  1:44  Probe  
  21  1:51  Assimilator  
  21  1:56  Probe  
  21  2:01  Adept (Chrono Boost)  
  22  2:05  Warp Gate  
  24  2:08  Probe  
  25  2:20  Probe  
  25  2:21  Adept (Chrono Boost)  
  26  2:27  Twilight Council  
  28  2:32  Probe  
  29  2:43  Stalker  
  29  2:48  Probe (Chrono Boost)  
  32  2:51  Probe (Chrono Boost)  
  32  2:57  Robotics Facility  
  34  3:01  Probe (Chrono Boost)  
  34  3:02  Probe (Chrono Boost)  
  35  3:06  Probe (Chrono Boost)  
  35  3:10  Probe  
  37  3:18  Probe  
  38  3:22  Probe  
  37  3:28  Dark Shrine  
  37  3:30  Probe  
  36  3:34  Probe  
  36  3:37  Gateway  
  36  3:45  Pylon  
  36  3:46  Gateway  
  36  3:53  Warp Prism (Chrono Boost)  
  36  4:00  Probe x2 (Chrono Boost)  
  40  4:06  Assimilator  
  40  4:09  Assimilator  
  40  4:12  Probe (Chrono Boost), Adept  
  40  4:16  Probe (Chrono Boost)  
  44  4:18  Probe (Chrono Boost)  
  44  4:19  Pylon  
  44  4:22  Probe  
  46  4:26  Probe  
  47  4:34  Probe  
  48  4:38  Probe  
  49  4:47  Probe  
  49  4:48  Dark Templar x3  
  49  4:50  Probe  
  57  4:56  Pylon  
  57  4:59  Probe  
  58  5:02  Pylon  
  58  5:05  Immortal  
  62  5:22  Dark Templar  
  62  5:23  Nexus  
  62  5:25  Archon  
  62  5:26  Archon  
  62  5:27  Adept x2  
  68  5:31  Charge  
  68  5:33  Pylon  
  68  5:35  Probe  
  69  5:45  Probe  
  69  5:46  Immortal  
  69  5:47  Probe  
  72  5:53  Stalker  
  74  5:58  Probe (Chrono Boost)  
  74  5:59  Probe (Chrono Boost)  
  74  6:03  Sentry x2  
  80  6:10  Probe (Chrono Boost)  
  82  6:11  Probe (Chrono Boost)  
  82  6:13  Shield Battery  
  82  6:14  Pylon  
  82  6:16  Probe x2 (Chrono Boost)  
  84  6:24  Probe  
  85  6:26  Probe (Chrono Boost)  
  85  6:31  Dark Templar  
  85  6:32  Immortal  
  88  6:36  Sentry  
  88  6:37  Probe x2 (Chrono Boost), Templar Archives  
  91  6:42  Assimilator x2  
  91  6:44  Probe (Chrono Boost)  
  91  6:46  Probe x2 (Chrono Boost)  
  93  6:51  Probe x3 (Chrono Boost)  
  96  6:57  Gateway  
  96  7:00  Gateway  
  96  7:01  Dark Templar  
  96  7:02  Probe x2  
  96  7:04  Stalker  
  102  7:10  Forge  
  102  7:20  Pylon  
  102  7:21  Pylon  
  102  7:23  Dark Templar  
  102  7:28  Observer  
  102  7:29  Gateway  
  105  7:30  Gateway  
  105  7:36  Shield Battery, Stalker x2  
  109  7:38  Shield Battery  
  109  7:39  Protoss Ground Weapons Level 1 (Chrono Boost)  
  109  7:55  Stalker x2  
  109  7:59  Psionic Storm  
  109  8:00  Probe x3  
  109  8:04  Stalker x3  
  113  8:12  Probe x3  
  114  8:14  Photon Cannon x2  
  114  8:17  Pylon  
  114  8:19  Pylon  
  114  8:21  Blink  
  114  8:25  Dark Templar  
  116  8:33  Photon Cannon  
  116  8:34  Photon Cannon  
  116  8:38  Pylon  
  116  8:41  Stargate  
  116  8:43  High Templar x2  
  116  8:44  Stargate, Zealot x2  
  122  8:49  Archon  
  118  9:02  Probe x3  
  106  9:07  Stalker x3  
  104  9:14  Probe x3  
  104  9:17  Photon Cannon  
  101  9:26  Phoenix (Chrono Boost)  
  101  9:30  Stargate  
  87  9:33  Stalker x2  
  87  9:34  Stargate, Stalker x3  
  80  9:47  Phoenix (Chrono Boost)  
  80  9:51  Probe x3  
  85  9:56  Zealot  
  87  10:03  Probe x3  
  88  10:08  Phoenix (Chrono Boost)  
  88  10:14  Dark Templar x2, Zealot  
  92  10:15  Zealot  
  92  10:19  Archon  
  97  10:23  Phoenix  
  94  10:29  Zealot  
  90  10:38  Zealot x2  
Show
View Real Time Build Order
Export as new Build Order

TSGSolar Zerg - Winner!

Build Orders: Hatch First 

Get SALT Encoding   

  12  0:01  Drone  
  13  0:12  Overlord  
  13  0:16  Drone  
  14  0:30  Drone x2  
  16  0:47  Hatchery  
  15  0:51  Drone  
  15  0:54  Drone  
  17  0:58  Drone  
  18  1:08  Extractor  
  17  1:14  Spawning Pool  
  17  1:16  Drone  
  17  1:20  Drone  
  18  1:28  Drone  
  19  1:39  Drone  
  20  1:49  Overlord  
  21  2:01  Zergling x4, Queen x2  
  26  2:12  Drone x2, Metabolic Boost  
  28  2:21  Drone x2  
  30  2:35  Hatchery  
  29  2:41  Zergling x2  
  29  2:43  Drone  
  31  2:48  Queen  
  33  2:53  Drone  
  33  2:54  Overlord  
  33  3:00  Drone x2  
  35  3:13  Zergling x6  
  35  3:14  Drone x2  
  35  3:19  Drone  
  41  3:21  Drone  
  41  3:26  Spore Crawler  
  40  3:29  Spore Crawler  
  37  3:35  Drone x2  
  37  3:38  Overlord  
  41  3:43  Drone x3  
  41  3:44  Lair  
  41  3:48  Drone x3  
  46  3:54  Drone, Roach Warren  
  47  3:57  Drone  
  47  4:02  Extractor, Drone  
  48  4:04  Extractor  
  48  4:06  Drone  
  48  4:11  Drone x4  
  48  4:12  Overlord  
  48  4:15  Drone x2  
  54  4:18  Overlord  
  54  4:28  Spore Crawler  
  53  4:32  Drone  
  53  4:33  Overlord  
  53  4:35  Roach x4  
  53  4:36  Drone  
  53  4:37  Roach  
  66  4:40  Overlord  
  66  4:43  Overseer  
  66  4:45  Overseer  
  65  4:47  Overlord  
  65  4:53  Glial Reconstitution  
  65  4:54  Drone x2  
  65  4:55  Drone x2  
  65  4:58  Roach  
  65  4:59  Zergling x2  
  73  5:00  Zergling x2  
  73  5:01  Zergling x2  
  73  5:03  Drone x2  
  73  5:05  Drone  
  79  5:07  Roach  
  79  5:12  Drone x2  
  79  5:14  Drone x2  
  82  5:15  Drone  
  82  5:17  Extractor  
  82  5:18  Extractor, Roach  
  82  5:19  Overseer  
  84  5:21  Overlord  
  84  5:24  Roach  
  84  5:26  Roach  
  84  5:27  Overseer  
  88  5:30  Drone  
  88  5:32  Overlord x2  
  89  5:36  Overlord  
  89  5:38  Overlord  
  89  5:40  Drone x2  
  90  5:45  Zergling x6  
  93  5:50  Spire  
  93  5:52  Roach  
  93  5:55  Drone x4  
  98  5:58  Extractor  
  98  6:02  Roach x2  
  98  6:04  Drone x3  
  103  6:05  Drone  
  103  6:07  Drone  
  103  6:11  Overlord  
  105  6:14  Zergling x4  
  105  6:17  Drone  
  108  6:20  Zergling x6, Drone  
  108  6:24  Spore Crawler x2  
  107  6:26  Drone  
  107  6:27  Drone  
  110  6:33  Overlord  
  110  6:34  Overlord  
  110  6:37  Overlord  
  110  6:39  Overlord  
  109  6:41  Overlord  
  109  6:42  Hatchery  
  109  6:45  Evolution Chamber  
  107  6:47  Drone  
  107  6:48  Overlord  
  108  7:02  Mutalisk x6  
  108  7:03  Mutalisk x2  
  108  7:05  Mutalisk  
  108  7:07  Mutalisk  
  128  7:10  Extractor, Mutalisk  
  128  7:11  Mutalisk  
  128  7:13  Extractor  
  128  7:18  Drone x2  
  128  7:19  Drone  
  130  7:22  Zerg Melee Weapons Level 1  
  130  7:23  Zerg Flyer Weapons Level 1  
  130  7:25  Drone x3  
  130  7:27  Overlord  
  130  7:29  Mutalisk  
  133  7:32  Zergling x2  
  133  7:33  Zergling x8  
  140  7:37  Mutalisk  
  140  7:38  Zergling x2  
  140  7:39  Zergling x4  
  145  7:46  Drone x2  
  145  7:50  Mutalisk  
  148  7:56  Mutalisk x2  
  148  7:57  Zergling x6  
  148  7:58  Overlord  
  154  8:00  Overlord  
  154  8:06  Mutalisk  
  154  8:08  Zergling x8  
  158  8:15  Overseer  
  158  8:16  Drone x3  
  158  8:18  Mutalisk  
  163  8:21  Mutalisk  
  163  8:25  Mutalisk  
  167  8:27  Queen  
  167  8:28  Hatchery  
  167  8:31  Mutalisk x2  
  167  8:33  Zergling x4  
  174  8:37  Mutalisk  
  174  8:39  Zergling x2  
  177  8:47  Mutalisk x3  
  181  8:48  Zergling x2  
  181  8:49  Zergling x6  
  182  8:58  Mutalisk x2  
  182  9:00  Zergling x10  
  165  9:04  Mutalisk  
  165  9:06  Zergling x4  
  161  9:11  Mutalisk x2  
  159  9:18  Mutalisk  
  159  9:22  Zergling x2  
  148  9:24  Mutalisk x2  
  148  9:25  Zergling x2  
  148  9:28  Drone  
  148  9:31  Drone  
  151  9:33  Zergling x2  
  151  9:35  Mutalisk  
  151  9:36  Mutalisk  
  152  9:41  Mutalisk  
  152  9:42  Zergling x2  
  152  9:44  Mutalisk  
  147  9:45  Extractor  
  147  9:46  Zergling x4  
  147  9:49  Extractor  
  147  9:51  Zergling x6  
  148  9:55  Drone x3  
  148  9:59  Overseer  
  151  10:01  Mutalisk x3  
  151  10:03  Zergling x2  
  157  10:07  Zergling x2  
  157  10:10  Zergling x4  
  160  10:15  Zergling x4  
  160  10:19  Mutalisk x3  
  160  10:20  Zergling x12  
  174  10:22  Zergling x2  
  174  10:27  Mutalisk x2  
  168  10:29  Zergling x4  
  168  10:33  Zergling x4  
  168  10:34  Overseer  
Tags
 
Add a new tag
Caveats
  • Supply blocks, unpowered buildings, or Contaminate may cause inaccurate times.
  • Supply counts are checked every 10 seconds.